[Event "Early-Titled-Tuesday-Blitz-May-28-2024"]
[Site "Chess.com"]
[Date "2024.05.28"]
[Round "4"]
[White "DonJuanEGenaro"]
[Black "IMRosen"]
[Result "0-1"]
[WhiteElo "2004"]
[BlackElo "2742"]
[TimeControl "180+1"]
[EndTime "8:39:25 PDT"]
[Termination "IMRosen won on time"]

1. d4 d5 2. Nf3 Nf6 3. c4 e6 4. e3 a6 5. a3 b6 6. Nc3 Bb7 7. cxd5 exd5 8. Ne5 Nbd7 9. f4 c5 10. Be2 Bd6 11. O-O O-O 12. Bf3 Ne4 13. Nxe4 dxe4 14. Bg4 Nf6 15. Be2 Rc8 16. Bd2 Qe7 17. Bc3 Rfd8 18.
Qb3 b5 19. Rfd1 c4 20. Qc2 Nd5 21. Bd2 f6 22. Ng4 h5 23. Nf2 Nxf4 24. Bc3 Nd3 25.
Bxh5 f5 26. Nh3 Qh4 27. Qe2 Bd5 28.
Rf1 Rf8 29. Bb4 Rcd8 30. Bxd6 Rxd6 31. Nf4 Rh6 32. Nxd5 Rxh5 33. g3 Qg5 0-1

[Event "Early-Titled-Tuesday-Blitz-May-28-2024"]
[Site "Chess.com"]
[Date "2024.05.28"]
[Round "4"]
[White "Rdeux42"]
[Black "tusplingher"]
[Result "1-0"]
[WhiteElo "2421"]
[BlackElo "2587"]
[TimeControl "180+1"]
[EndTime "8:39:26 PDT"]
[Termination "Rdeux42 won by resignation"]

1. e4 c5 2. Nf3 e6 3. c4 Nc6 4. Nc3 Nf6 5. Be2 d5 6. exd5 exd5 7. d4 Be7 8. O-O O-O 9. Be3 Ng4 10. Bf4 cxd4 11. Nxd4 Nxd4 12. Qxd4 dxc4 13. Qxd8 Rxd8 14. Bxc4 Rd4 15. Nd5 Bf8 16. Bb3 Be6 17. Rfd1 Bc5 18.
Nc7 Rad8 19. Nxe6 fxe6 20. Bxe6+ Kf8 21. Bxg4 Rxf4 22. Rxd8+ Ke7 23. Rd7+ Ke8 24. Rxg7 Rxf2 25. Kh1 Kf8 26. Rxb7 Bd4 27. Bf3 Kg8 28. h3 Be5 29. Rd1 Bg7 30. Rd8+ Bf8 31. Bd5+ Kh8 32. Rf7 Rxf7 33.
Bxf7 Kg7 34. Rxf8 Kxf8 35. Bb3 1-0

[Event "Early-Titled-Tuesday-Blitz-May-28-2024"]
[Site "Chess.com"]
[Date "2024.05.28"]
[Round "4"]
[White "frenchpin"]
[Black "N_I_Chess"]
[Result "0-1"]
[WhiteElo "2422"]
[BlackElo "2240"]
[TimeControl "180+1"]
[EndTime "8:39:26 PDT"]
[Termination "N_I_Chess won by resignation"]

1. g3 Nf6 2. Bg2 d5 3. c4 c6 4.
b3 e5 5. Bb2 Bd6 6. cxd5 cxd5 7.
Nc3 Be6 8. Nb5 O-O 9. Qc1 Nc6 10. Nxd6 Qxd6 11. a3 Rac8 12. Qb1 d4 13. d3 Bxb3 14. Nf3 Na5 15. O-O Bc2 16. Qa2 Nb3 17. Rae1 a5 18. Nh4 a4 19. Bxb7 Rc7 20. Bf3 Nd2 21.
Nf5 Qd7 22. g4 Nxf3+ 23. exf3 Bxd3 24. Rxe5 Bxf1 25. Kxf1 Rc2 26. Qb1 d3 27. Re7 Qb5 28.
g5 d2+ 29. Kg2 Qxb2 30. Qd1 Qc1 31. Qe2 d1=Q 32. gxf6 Qxe2 0-1

[Event "Early-Titled-Tuesday-Blitz-May-28-2024"]
[Site "Chess.com"]
[Date "2024.05.28"]
[Round "4"]
[White "Lady_Nika"]
[Black "GianmarcoVaR"]
[Result "0-1"]
[WhiteElo "2505"]
[BlackElo "2725"]
[TimeControl "180+1"]
[EndTime "8:39:27 PDT"]
[Termination "GianmarcoVaR won on time"]

1. e4 c5 2. Nf3 d6 3. d4 cxd4 4. Nxd4 Nf6 5. Nc3 a6 6. Be2 e5 7. Nb3 Be6 8. O-O Nbd7 9. Bg5 Rc8 10. Qd2 h6 11. Bxf6 Nxf6 12. f3 Qb6+ 13. Kh1 Be7 14.
Nd5 Nxd5 15. exd5 Bd7 16. c4 O-O 17. f4 exf4 18. Qxf4 Bf6 19. Rab1 Rfe8 20. Bg4 Qc7 21. Bxd7 Qxd7 22. Qg3 Be5 23. Qh4 b5 24. Na5 bxc4 25.
Nc6 Rxc6 26. dxc6 Qxc6 27. Qh5 Re7 28. Qg4 f6 29. b3 c3 30. Qc4+ Qxc4 31. bxc4 Rc7 32.
Rb4 a5 33. Ra4 c2 34. Rxa5 Rxc4 35. Rc1 Rd4 0-1

[Event "Early-Titled-Tuesday-Blitz-May-28-2024"]
[Site "Chess.com"]
[Date "2024.05.28"]
[Round "4"]
[White "Mr_ruthless"]
[Black "Karttunen"]
[Result "0-1"]
[WhiteElo "2465"]
[BlackElo "2639"]
[TimeControl "180+1"]
[EndTime "8:39:27 PDT"]
[Termination "Karttunen won by resignation"]

1. e4 e6 2. d4 d5 3. Nd2 Nc6 4.
Ngf3 Nf6 5. e5 Nd7 6. Bb5 a6 7. Bxc6 bxc6 8. Nb3 h6 9. O-O c5 10. dxc5 Nxc5 11. Nfd4 Nxb3 12. Nxb3 c5 13. c4 a5 14. cxd5 exd5 15. Qe2 Ba6 16. Qf3 Bxf1 17. Kxf1 a4 18. Nd2 Be7 19. Kg1 O-O 20. Nf1 f6 21.
Qg3 fxe5 22. Bxh6 Bf6 23. Ne3 Qd7 24. Rc1 Rac8 25. Rd1 d4 26. Nc4 Rce8 27. b3 axb3 28. axb3 e4 29. Bf4 Qd5 30. Ra1 Ra8 31. Rxa8 Rxa8 32. h4 d3 33. Kh2 Qh5 34. Kh3 Ra1 35. Qg4 Rh1+ 36. Kg3 Bxh4+ 0-1

[Event "Early-Titled-Tuesday-Blitz-May-28-2024"]
[Site "Chess.com"]
[Date "2024.05.28"]
[Round "4"]
[White "EggLoser"]
[Black "PattyCastillo"]
[Result "1-0"]
[WhiteElo "2278"]
[BlackElo "1828"]
[TimeControl "180+1"]
[EndTime "8:39:29 PDT"]
[Termination "EggLoser won by resignation"]

1. e4 c5 2. Nf3 d6 3. d4 cxd4 4. Nxd4 Nf6 5. Nc3 a6 6. Bc4 e6 7. Be3 Nbd7 8. f3 Nc5 9. Qd2 Bd7 10. O-O-O b5 11. Bb3 b4 12. Nce2 a5 13. g4 a4 14. Bc4 a3 15. b3 Be7 16. g5 Nh5 17.
Ng3 Nxg3 18. hxg3 Rc8 19. Nb5 Bxb5 20. Bxb5+ Kf8 21. Bxc5 Rxc5 22. Bc4 Bxg5 23. f4 Be7 24. Qxb4 d5 25. exd5 Rxd5 26. Qa4 Rxd1+ 27. Rxd1 Qc8 28. Ba6 Qc3 29. Qd4 Qxd4 30. Rxd4 g6 31. c4 Kg7 32.
Kc2 Rb8 33. Rd7 Bb4 34. Kd3 Kf6 35. Bb5 h5 36. Bc6 e5 37. fxe5+ Kxe5 38. Rxf7 Rd8+ 39. Bd5 Rxd5+ 40. cxd5 Kxd5 41. Rg7 1-0

[Event "Early-Titled-Tuesday-Blitz-May-28-2024"]
[Site "Chess.com"]
[Date "2024.05.28"]
[Round "4"]
[White "viditchess"]
[Black "RandomNoob04"]
[Result "1-0"]
[WhiteElo "3084"]
[BlackElo "2780"]
[TimeControl "180+1"]
[EndTime "8:39:30 PDT"]
[Termination "viditchess won by resignation"]

1. Nf3 d5 2. g3 Nc6 3. d4 Bf5 4.
Bg2 e6 5. O-O Nb4 6. Na3 Nc6 7.
Nb5 a6 8. Nc3 h6 9. Bf4 Nf6 10.
Re1 Bb4 11. Bd2 O-O 12. a3 Bxc3 13. Bxc3 Ne4 14. Bb4 Re8 15. Rc1 a5 16. Bd2 Nxd2 17. Qxd2 Be4 18. Red1 e5 19. dxe5 Nxe5 20. Nxe5 Rxe5 21.
f3 Bf5 22. e4 Bg6 23. c4 c6 24.
cxd5 cxd5 25. Qd4 Qe7 26. Rc5 Rd8 27. Rxa5 Kh7 28. Rxd5 Rdxd5 29. exd5 Re1+ 30. Rxe1 Qxe1+ 31. Bf1 Bf5 32. d6 Bh3 33. Qe4+ Qxe4 34. fxe4 Bd7 35. e5 Kg6 36. Bd3+ f5 37. Kf2 Kf7 38. Bc4+ 1-0

[Event "Early-Titled-Tuesday-Blitz-May-28-2024"]
[Site "Chess.com"]
[Date "2024.05.28"]
[Round "4"]
[White "shimastream"]
[Black "Losingexperience"]
[Result "1-0"]
[WhiteElo "3039"]
[BlackElo "2765"]
[TimeControl "180+1"]
[EndTime "8:39:31 PDT"]
[Termination "shimastream won by resignation"]

1. Nf3 Nf6 2. g3 g6 3. Bg2 Bg7 4. b3 O-O 5. Bb2 c5 6. d4 d5 7.
O-O Ne4 8. Qc1 cxd4 9. Nxd4 e5 10.
Nf3 Nc6 11. c4 d4 12. Nxe5 Nxg3 13. hxg3 Nxe5 14. Nd2 Bg4 15. Re1 Qd7 16. Ne4 Bh3 17. Qf4 Bxg2 18. Kxg2 Qc6 19. f3 f5 20. Nf2 Rad8 21.
Rad1 Ng4 22. Nxg4 fxg4 23. Qxg4 h5 24. Qg5 d3 25. Bxg7 dxe2 26. Rd5 Kxg7 27. Qe7+ Kh6 28. Qe3+ Kg7 29. Qd4+ Kh6 30. Rxe2 Rde8 31. Qd2+ Kg7 32. Rd7+ Kg8 33. Rxe8 Rxe8 34. Qd4 Qe6 1-0

[Event "Early-Titled-Tuesday-Blitz-May-28-2024"]
[Site "Chess.com"]
[Date "2024.05.28"]
[Round "4"]
[White "Shankland"]
[Black "karinachess1"]
[Result "1-0"]
[WhiteElo "2982"]
[BlackElo "2607"]
[TimeControl "180+1"]
[EndTime "8:39:31 PDT"]
[Termination "Shankland won by resignation"]

1. e4 e5 2. Nf3 Nc6 3. d4 exd4 4. Nxd4 Bc5 5. Nb3 Bb6 6. Nc3 Nf6 7. Qe2 O-O 8. Be3 Re8 9. f3 d5 10. O-O-O d4 11.
Bg5 Be6 12. Na4 h6 13. Bh4 Qe7 14. Kb1 Rad8 15. Qe1 Bxb3 16. axb3 Ba5 17. Qg3 Ne5 18. Bxf6 Qxf6 19. Nc5 Qc6 20. Nd3 Ng6 21. h4 Qb6 22. h5 Nf8 23. e5 Bb4 24. f4 Be7 25.
Nf2 a5 26. Ne4 Nh7 27. Bc4 Qc6 28. Qg6 Qxc4 29. Qxh7+ Kxh7 30. bxc4 c6 31. Rh3 Rd7 32. Rhd3 c5 33. Rb3 Rc7 34. Rb6 Ra8 35. Rd3 a4 36. Ra3 Kg8 37. b3 Kf8 38. Rxa4 Rxa4 39.
bxa4 Ke8 40. a5 Kd7 41. f5 Kc8 42. g4 Rd7 43. Nf2 Bg5 44. Nd3 Be7 45. Kc1 Kc7 46. Kd1 Rd8 47. Ke2 Ra8 48. Rb5 Kc6 49. Kf3 Rd8 50. Ke4 Ra8 51. Rb6+ Kc7 52. Nf4 Rxa5 53. Nd5+ Kd8 54. Rxb7 Ra3 55. Rxe7 1-0

[Event "Early-Titled-Tuesday-Blitz-May-28-2024"]
[Site "Chess.com"]
[Date "2024.05.28"]
[Round "4"]
[White "Nf3c5"]
[Black "ljuks68"]
[Result "0-1"]
[WhiteElo "2555"]
[BlackElo "2400"]
[TimeControl "180+1"]
[EndTime "8:39:31 PDT"]
[Termination "ljuks68 won on time"]

1. e4 e6 2. d4 d5 3. Nd2 Nf6 4. e5 Nfd7 5. Bd3 c5 6. c3 Nc6 7.
Ngf3 Qb6 8. O-O Be7 9. Re1 g5 10.
dxc5 Bxc5 11. Qe2 g4 12. Nd4 Nxd4 13. cxd4 Bxd4 14. Nb3 Bxe5 15. Qxg4 Qd6 16. g3 h5 17. Qh4 a6 18. Bg5 b6 19. Rad1 Bb7 20. f4 Bxb2 21.
f5 e5 22. Re2 Bc3 23. f6 O-O-O 24. Rc1 d4 25. Be4 Nc5 26. Bxb7+ Kxb7 27. Nxc5+ Qxc5 28. Qe4+ Rd5 29. Bd2 Ka7 30. Kg2 Rhd8 31. Qd3 Rc8 32.
Rc2 Qc6 33. Qe4 Rc5 34. Qxc6 R8xc6 35. Rxe5 Rxe5 0-1

[Event "Early-Titled-Tuesday-Blitz-May-28-2024"]
[Site "Chess.com"]
[Date "2024.05.28"]
[Round "4"]
[White "Matsanovic"]
[Black "Arteler"]
[Result "1-0"]
[WhiteElo "2618"]
[BlackElo "2234"]
[TimeControl "180+1"]
[EndTime "8:39:32 PDT"]
[Termination "Matsanovic won by resignation"]

1. e4 e5 2. Nc3 d6 3. g3 Nf6 4. Bg2 Ke7 5. Nf3 g6 6. d4 exd4 7. Nxd4 Bg7 8. O-O Re8 9. Re1 Kf8 10. h3 Kg8 11. a4 Nc6 12. Nb3 a6 13. a5 Nd7 14. f4 Nf6 15. Kh2 Nb4 16. Ra4 c5 17. Be3 Bd7 18. Ra1 Nxe4 19. Nxe4 Bf5 20. Nxd6 Nxc2 21. Nxe8 Qxe8 22. Bxc5 Nxe1 23. Qxe1 Qb5 24.
Qb4 Qe2 25. Qxb7 Re8 26. Qf3 Qxb2 27. Rg1 Be4 28. Qe3 Bc6 29. Qd3 Bb5 30. Qd5 Re2 31.
Qa8+ Re8 32. Qd5 Re2 33. Nd4 Bxd4 34. Bxd4 Qc2 35. Qd8+ Re8 36. Qf6 Kf8 37. Qh8+ Ke7 38. Re1+ Kd6 39. Qf6+ Kd7 40. Qxf7+ Re7 41. Qxe7+ Kc8 42.
Qf8+ 1-0

[Event "Early-Titled-Tuesday-Blitz-May-28-2024"]
[Site "Chess.com"]
[Date "2024.05.28"]
[Round "4"]
[White "PonyQueen07"]
[Black "Darius321"]
[Result "0-1"]
[WhiteElo "2048"]
[BlackElo "2358"]
[TimeControl "180+1"]
[EndTime "8:39:33 PDT"]
[Termination "Darius321 won by checkmate"]

1. c4 e6 2. e4 e5 3. Nc3 Bc5 4.
g3 Nc6 5. Bg2 Nf6 6. Nge2 O-O 7.
O-O a5 8. h3 d6 9. d3 h6 10. Be3 Nd4 11. Bxd4 Bxd4 12. Nxd4 exd4 13. Nd5 c6 14. Nxf6+ Qxf6 15. Qf3 Qxf3 16. Bxf3 Bxh3 17. Bg2 Bxg2 18. Kxg2 c5 19. f4 a4 20. b3 Ra6 21.
bxa4 Rxa4 22. Rfb1 Rfa8 23. Rxb7 Rxa2+ 24. Rxa2 Rxa2+ 25. Kf3 Rd2 26. Rb3 h5 27. Ra3 g6 28. Rb3 Kg7 29. Ra3 f6 30. Rb3 g5 31. fxg5 fxg5 32. Ra3 Kf6 33. g4 h4 34. Rb3 Ke5 35. Ra3 h3 36.
Kg3 h2 37. Ra1 Rxd3+ 38. Kxh2 Rc3 39. Rf1 Rxc4 40. Rf5+ Kxe4 41. Rxg5 d3 42. Rg6 Rd4 43. Rf6 d2 44. Rf1 d1=Q 45. Rxd1 Rxd1 46. g5 Kf5 47. g6 Kxg6 48. Kg3 Rd4 49. Kf3 Kf5 50.
Ke3 Ke5 51. Kf3 c4 52. Ke3 c3 53. Kf3 c2 54. Ke3 c1=Q+ 55. Ke2 Qc3 56. Kf2 Rd2+ 57.
Ke1 Qc1# 0-1

[Event "Early-Titled-Tuesday-Blitz-May-28-2024"]
[Site "Chess.com"]
[Date "2024.05.28"]
[Round "4"]
[White "Rsnr"]
[Black "twofoxniel"]
[Result "1-0"]
[WhiteElo "2914"]
[BlackElo "2683"]
[TimeControl "180+1"]
[EndTime "8:39:34 PDT"]
[Termination "Rsnr won on time"]

1. d4 d5 2. c4 c6 3. Nf3 Nf6 4.
Qc2 g6 5. Bf4 Bg7 6. e3 O-O 7.
Nc3 Na6 8. a3 c5 9. Rd1 cxd4 10.
Nxd4 Qa5 11. Nb3 Qb6 12. Nxd5 Nxd5 13. Rxd5 Bf5 14. Bd3 Bxd3 15. Rxd3 Rac8 16. O-O Qf6 17. Rb1 Qf5 18. Rd2 Qh5 19. Qd3 Bf6 20. Bg3 e5 21. Qe4 Rc7 22. Rd5 Re8 23. h3 Bg7 24. Nd2 Qe2 25.
Qg4 Qxg4 26. hxg4 f6 27. b4 b6 28. Rc1 Rec8 29. g5 fxg5 30. Bxe5 Bxe5 31. Rxe5 h6 32. Rd5 Kf7 33. Nf3 Re7 34. c5 bxc5 35. bxc5 Ke6 36. Rd6+ 1-0

[Event "Early-Titled-Tuesday-Blitz-May-28-2024"]
[Site "Chess.com"]
[Date "2024.05.28"]
[Round "4"]
[White "manmanlai1"]
[Black "Cayse"]
[Result "0-1"]
[WhiteElo "2564"]
[BlackElo "2796"]
[TimeControl "180+1"]
[EndTime "8:39:34 PDT"]
[Termination "Cayse won by resignation"]

1. e4 c6 2. d4 d5 3. e5 Bf5 4. h4 h5 5. Bd3 Bxd3 6. Qxd3 e6 7. Ne2 Qa5+ 8. Nd2 Nh6 9. O-O Nf5 10. Nf3 Qa6 11.
Qd1 Nd7 12. Ng3 g6 13. Bg5 Bg7 14. b3 O-O 15. Nxf5 exf5 16. Ne1 c5 17. c3 Rac8 18. f4 cxd4 19. cxd4 Rc3 20. Rf3 Rfc8 21. Be7 Bf8 22. Bxf8 Nxf8 23. Rxc3 Rxc3 24. Qd2 Qc6 25. Nd3 Rc2 26. Qe1 Qb5 27. Nc5 b6 28. Qd1 Qe2 29. Qxe2 Rxe2 30. Na6 Ne6 31. g3 Nxd4 32. Nb4 Nf3+ 33.
Kf1 Rh2 34. Rd1 d4 35. Nc6 Nd2+ 36. Kg1 Nf3+ 37. Kf1 Rxa2 38. Nxd4 Nxd4 39. Rxd4 Kf8 40. Rd7 Ra3 41. Rb7 Rxb3 42. Rxa7 Rxg3 43. Kf2 Rg4 44.
Ke3 Rxh4 45. Ra8+ Ke7 46. Ra7+ Ke6 47. Rc7 Rh3+ 48. Kd4 Rf3 49. Rc6+ Ke7 50. Rxb6 Rxf4+ 51. Kd5 Re4 52. Rb7+ Kf8 53. Kd6 Kg7 0-1

[Event "Early-Titled-Tuesday-Blitz-May-28-2024"]
[Site "Chess.com"]
[Date "2024.05.28"]
[Round "4"]
[White "AnaKuchava"]
[Black "UK_23"]
[Result "0-1"]
[WhiteElo "2189"]
[BlackElo "2413"]
[TimeControl "180+1"]
[EndTime "8:39:35 PDT"]
[Termination "UK_23 won by resignation"]

1. d4 Nf6 2. Nf3 c5 3. d5 b5 4. c4 b4 5. g3 g6 6. Bg2 d6 7.
O-O Bg7 8. h3 O-O 9. Re1 a5 10.
e4 e6 11. Nbd2 exd5 12. cxd5 Ba6 13. Qc2 Nbd7 14. Nc4 Bxc4 15. Qxc4 Nb6 16. Qc2 c4 17. Be3 Rc8 18. Nd4 Re8 19. Nc6 Qc7 20. Nxa5 Nbxd5 21. exd5 Qxa5 22. Bd4 Nd7 23. Rxe8+ Rxe8 24. Qxc4 Bxd4 25. Qxd4 Re2 26. Rc1 Nc5 27. Bf3 Re5 28. Kg2 f6 29. h4 Qxa2 30. Qxb4 Nd3 31. Qb8+ Kf7 32. Rc7+ Re7 33.
Rxe7+ Kxe7 34. Qc7+ Ke8 35. Qxd6 Qxb2 36. Qe6+ Kf8 37.
Qe2 Qc3 38. Qe3 Ne1+ 39. Kf1 Qxe3 40. fxe3 Nxf3 41. Kf2 Ne5 42. e4 Ke7 43. Ke3 Kd6 44. Kf4 Nd3+ 45. Ke3 Nc5 46. g4 Ke5 47. h5 Nxe4 48. h6 Kxd5 0-1

[Event "Early-Titled-Tuesday-Blitz-May-28-2024"]
[Site "Chess.com"]
[Date "2024.05.28"]
[Round "4"]
[White "TitarovVasiliYouTube"]
[Black "David_Arutinian"]
[Result "0-1"]
[WhiteElo "2584"]
[BlackElo "2843"]
[TimeControl "180+1"]
[EndTime "8:39:36 PDT"]
[Termination "David_Arutinian won by resignation"]

1. g3 e5 2. c4 Nf6 3. Bg2 d5 4. cxd5 Nxd5 5. Nc3 Nb6 6. Nf3 Nc6 7. O-O Be7 8. d3 O-O 9. a3 Be6 10. Be3 f5 11. Rc1 Qd7 12. Qc2 Bf6 13. Na4 Nxa4 14. Qxa4 Nd4 15. Qd1 c6 16. Bxd4 exd4 17. Qa4 Rfe8 18.
Rfe1 Bf7 19. Nd2 Bg5 20. Rcd1 a5 21. Nf3 Bf6 22. Qc2 a4 23. Nd2 Qd8 24. Nc4 b5 25. Nd2 Rc8 26. Qc5 g6 27. Rc1 Re5 28. Qc2 c5 29. Nf3 Re7 30. Nd2 Kg7 31. Bf3 Rec7 32. Bg2 Qd7 33. Bf3 c4 34. dxc4 bxc4 35.
Red1 c3 36. bxc3 Rxc3 37. Qb1 Rxa3 38. Rxc8 Qxc8 39. Qb2 Rc3 40. Qb6 a3 41. Qa7 Qc7 42. Qa6 Rc1 43. Qa4 a2 44. Kg2 Rxd1 45. Qxd1 Qc3 46. Nb3 Bxb3 0-1

[Event "Early-Titled-Tuesday-Blitz-May-28-2024"]
[Site "Chess.com"]
[Date "2024.05.28"]
[Round "4"]
[White "JG-17"]
[Black "djokovic74"]
[Result "0-1"]
[WhiteElo "2546"]
[BlackElo "2764"]
[TimeControl "180+1"]
[EndTime "8:39:36 PDT"]
[Termination "djokovic74 won by resignation"]

1. e4 e6 2. d4 d5 3. exd5 exd5 4. Bd3 c5 5. Nf3 Nf6 6. O-O Be7 7. dxc5 Bxc5 8. Re1+ Be6 9. Ng5 O-O 10. Nxe6 fxe6 11. Rxe6 Nc6 12. Be3 Bd6 13. Bg5 Be7 14. Nc3 Qb6 15.
Bxf6 Bxf6 16. Nxd5 Qxb2 17. Rb1 Qd4 18. Nxf6+ Rxf6 19. Rxf6 Qxf6 20. Rxb7 Ne5 21. Be4 Rf8 22. f3 Rd8 23. Qe2 Qf4 24. Bd3 Qc1+ 25. Kf2 Nxd3+ 26. cxd3 Rc8 27. Qe6+ Kh8 28. Qe5 Qd2+ 29. Kg3 Rg8 30. Rxa7 Qxd3 31. a4 Qg6+ 32. Kf2 Rc8 33. Rc7 Qb6+ 34. Rc5 Qxc5+ 0-1

[Event "Early-Titled-Tuesday-Blitz-May-28-2024"]
[Site "Chess.com"]
[Date "2024.05.28"]
[Round "4"]
[White "RespectfulDaveOnYouTube"]
[Black "jamengrand"]
[Result "0-1"]
[WhiteElo "2489"]
[BlackElo "2333"]
[TimeControl "180+1"]
[EndTime "8:39:36 PDT"]
[Termination "jamengrand won on time"]

1. e4 Nc6 2. Nf3 e5 3. d4 exd4 4. Bc4 Nf6 5. Ng5 d5 6. exd5 Qe7+ 7. Kf1 Ne5 8. Qxd4 Nxc4 9. Qxc4 Qc5 10. Qxc5 Bxc5 11.
Nc3 O-O 12. Be3 Bxe3 13. fxe3 Re8 14. Re1 h6 15. Nf3 Bf5 16. Nd4 Be4 17. Nxe4 Rxe4 18. c4 Rae8 19. h3 Rxe3 20. Kf2 R3e4 21. Nb5 Rxc4 22.
Rxe8+ Nxe8 23. Re1 Kf8 24. Re2 a6 25. Nc3 Nf6 26.
Rd2 b5 27. a3 Ke7 28. Ke3 Kd6 29. Rf2 b4 30. axb4 Rxb4 31. Kd3 a5 32. g4 a4 33. Na2 Rb3+ 34. Nc3 Nxd5 35. Rxf7 a3 0-1

[Event "Early-Titled-Tuesday-Blitz-May-28-2024"]
[Site "Chess.com"]
[Date "2024.05.28"]
[Round "4"]
[White "Orest_Vovk"]
[Black "MaxLeto"]
[Result "0-1"]
[WhiteElo "2534"]
[BlackElo "2393"]
[TimeControl "180+1"]
[EndTime "8:39:38 PDT"]
[Termination "MaxLeto won on time"]

1. h4 d5 2. h5 e5 3. h6 Nxh6 4. d4 Ng4 5. f3 Nh6 6. dxe5 Nf5 7. g4 Ng3 8. Rh3 Nxf1 9. Kxf1 Nc6 10. Bf4 g5 11.
Bg3 Bg7 12. Nc3 Be6 13. e4 d4 14. Nce2 Qd7 15. Qd2 h6 16. Rd1 O-O-O 17. Nc1 Nxe5 18.
Bxe5 Bxe5 19. Nd3 f6 20. Qa5 Kb8 21. Nxe5 fxe5 22. Qxe5 Rhf8 23. Kg2 Bxg4 24. Rxh6 Rf4 25. Kh2 Bxf3 26. Rxd4 Qc8 27. Rxd8 Qxd8 28. Rh8 Rf8 29.
Rxf8 Qxf8 30. Qxg5 Bxe4 31. Qd2 a6 32. Kg3 Qg7+ 33.
Kf4 Qh6+ 0-1

[Event "Early-Titled-Tuesday-Blitz-May-28-2024"]
[Site "Chess.com"]
[Date "2024.05.28"]
[Round "4"]
[White "zajka-molotok"]
[Black "EvgenyBurmakin"]
[Result "1-0"]
[WhiteElo "2534"]
[BlackElo "2345"]
[TimeControl "180+1"]
[EndTime "8:39:38 PDT"]
[Termination "zajka-molotok won by resignation"]

1. e4 c5 2. c3 Nf6 3. e5 Nd5 4. Nf3 e6 5. Bc4 Be7 6. d4 cxd4 7. cxd4 b6 8. O-O Bb7 9. Qe2 O-O 10. Rd1 d6 11.
Bd2 a6 12. Nc3 Nxc3 13. Bxc3 b5 14. Bd3 Nd7 15. Rac1 Rc8 16. Bb1 Qb6 17. Qd3 g6 18. h4 b4 19. Bd2 Rxc1 20. Bxc1 Rd8 21. Bg5 Bxg5 22. Nxg5 Qc6 23. Qg3 Nf8 24. Ne4 dxe5 25. Nf6+ Kg7 26. Be4 Qc7 27. Nh5+ Kh8 28. Bxb7 gxh5 29.
Bxa6 Ng6 30. Be2 Qc2 31. Bxh5 Rxd4 32. Rxd4 exd4 33. Bxg6 hxg6 34. Qe5+ Kg8 35. Qxd4 Qb1+ 36. Kh2 Qxa2 37. Qxb4 Qd5 38. Qb8+ Kg7 39. b4 e5 40. b5 Qd4 41. Kh3 Qe3+ 42. fxe3 e4 43. Qe5+ 1-0

[Event "Early-Titled-Tuesday-Blitz-May-28-2024"]
[Site "Chess.com"]
[Date "2024.05.28"]
[Round "4"]
[White "pirulillo"]
[Black "IndianSchoolOfSuffering"]
[Result "1-0"]
[WhiteElo "2366"]
[BlackElo "2521"]
[TimeControl "180+1"]
[EndTime "8:39:39 PDT"]
[Termination "pirulillo won by resignation"]

1. e4 c5 2. Nf3 d6 3. d4 cxd4 4. Nxd4 Nf6 5. Nc3 a6 6. Be2 e5 7. Nb3 Be7 8. Be3 Be6 9. Nd5 Bxd5 10. exd5 O-O 11. c4 a5 12. O-O a4 13. Nd2 Nbd7 14.
b4 Re8 15. a3 g6 16. Rc1 Bf8 17. Nb1 Bg7 18. Nc3 h5 19. h3 e4 20. Nxa4 Ne5 21.
Qb3 Nfd7 22. Rfd1 f5 23. c5 Nd3 24. Bxd3 exd3 25. Rxd3 Ne5 26. Rdd1 Qf6 27. Bd4 f4 28. f3 Qg5 29. Nb6 Rad8 30. c6 Nxc6 31. dxc6+ Kh7 32. Bf2 bxc6 33. h4 Qb5 34. Nc4 Re2 35. a4 Qf5 36.
Nxd6 Qf6 37. Ne4 Rxd1+ 38. Rxd1 Qe7 39. Ng5+ Kh6 40. Qg8 Bf6 41. Nf7+ 1-0

[Event "Early-Titled-Tuesday-Blitz-May-28-2024"]
[Site "Chess.com"]
[Date "2024.05.28"]
[Round "4"]
[White "Let_it_be_1"]
[Black "AryanTari"]
[Result "0-1"]
[WhiteElo "2613"]
[BlackElo "3049"]
[TimeControl "180+1"]
[EndTime "8:39:42 PDT"]
[Termination "AryanTari won on time"]

1. e4 e5 2. Nf3 Nc6 3. Bb5 Nge7 4. O-O Ng6 5. d4 exd4 6. Nxd4 Bc5 7. Nf5 O-O 8. Be3 Bb6 9. Nc3 d6 10. Nd5 Nce7 11.
Nfxe7+ Nxe7 12. Nxb6 axb6 13. Bd3 f5 14. exf5 Bxf5 15.
Bg5 Qd7 16. Bc4+ Kh8 17. Re1 Nc6 18. c3 h6 19. Bh4 Ne5 20. Bf1 Rae8 21. Bg3 Nc6 22. Qd2 Qf7 23. b3 Ra8 24. Bc4 Qg6 25. Bd5 Ra3 26. Re3 Rfa8 27. b4 b5 28. Qe2 Qf6 29.
Re8+ Kh7 30. Rxa8 Rxa8 31. Rc1 Ra3 32. Qxb5 Rxc3 33. Re1 Nd4 34. Qe8 Be6 35. Be4+ Bf5 36. Bd5 Ne6 37. h4 Nf8 38. h5 c6 39. Bf7 Be6 0-1

[Event "Early-Titled-Tuesday-Blitz-May-28-2024"]
[Site "Chess.com"]
[Date "2024.05.28"]
[Round "4"]
[White "jaskol95"]
[Black "igorkovalenko"]
[Result "0-1"]
[WhiteElo "2528"]
[BlackElo "2901"]
[TimeControl "180+1"]
[EndTime "8:39:42 PDT"]
[Termination "igorkovalenko won by checkmate"]

1. d4 d5 2. Nc3 e6 3. Bf4 a6 4. a3 c5 5. e3 Nc6 6. Nf3 b5 7. Be2 Bb7 8. O-O Rc8 9. Ne5 Nf6 10. Bf3 Nxe5 11. Bxe5 Bd6 12. Bxd6 Qxd6 13. Ne2 O-O 14. c3 e5 15. g3 cxd4 16. cxd4 e4 17.
Bg2 Bc6 18. Qd2 Bd7 19. Rac1 Rc4 20. Qa5 Bg4 21. Nc3 Bf3 22. Rc2 g5 23. Rfc1 Kg7 24. b3 Rcc8 25. Qb4 Qe6 26. a4 bxa4 27. Nxa4 Rxc2 28.
Rxc2 Bxg2 29. Kxg2 h5 30. Rc7 h4 31. Qe7 h3+ 32. Kf1 Qxe7 33. Rxe7 Rc8 34. Nc5 Ng4 35. Kg1 Rc6 36. Rd7 Rf6 37. Rxd5 Kh6 38. Nxe4 Rb6 39. Nc5 a5 40. Rd8 a4 41. Nxa4 Rxb3 42. Rh8+ Kg7 43. Rxh3 Ra3 44. Nc5 Ra2 45. Ne4 f6 46. Kg2 Nxe3+ 47.
Kf3 Nf5 48. Rh5 Nxd4+ 49. Kg2 Nc2 50. Nxg5 Kg6 51. Rh8 Kxg5 52. Rg8+ Kf5 53. h4 Ne3+ 54. Kf3 Nc4 55. h5 Ne5+ 56. Kg2 Ng4 57. Kh3 Nxf2+ 58.
Kh4 Ng4 59. Rxg4 Rh2# 0-1

[Event "Early-Titled-Tuesday-Blitz-May-28-2024"]
[Site "Chess.com"]
[Date "2024.05.28"]
[Round "4"]
[White "JiaHaoxiang"]
[Black "Kors67"]
[Result "1-0"]
[WhiteElo "2629"]
[BlackElo "2270"]
[TimeControl "180+1"]
[EndTime "8:39:43 PDT"]
[Termination "JiaHaoxiang won by checkmate"]

1. e4 d6 2. d4 Nf6 3. Nc3 g6 4. f3 a6 5. Be3 b5 6. Qd2 h5 7.
O-O-O Bg7 8. h4 Bb7 9. Nh3 Nbd7 10. Ng5 Qc8 11. Kb1 c5 12. dxc5 Nxc5 13. Bd4 Qc7 14. Nd5 Bxd5 15. exd5 Rc8 16. c3 Ncd7 17. Bd3 Ne5 18.
Bxe5 dxe5 19. Bc2 Qd6 20. Qe2 O-O 21. g4 hxg4 22. fxg4 Rc5 23. h5 gxh5 24. gxh5 Bh6 25.
Rhg1 Kh8 26. Ne4 Nxe4 27. Bxe4 f5 28. Rg6 Qxg6 29. hxg6 fxe4 30. Qxe4 Rc4 31. Qxe5+ Kg8 32. Qe6+ Kg7 33. Qxe7+ Kxg6 34. Rg1+ Kh5 35. Qe5+ Kh4 36. Qh2# 1-0

[Event "Early-Titled-Tuesday-Blitz-May-28-2024"]
[Site "Chess.com"]
[Date "2024.05.28"]
[Round "4"]
[White "Jeppesen08"]
[Black "chessamical"]
[Result "1-0"]
[WhiteElo "2481"]
[BlackElo "2280"]
[TimeControl "180+1"]
[EndTime "8:39:43 PDT"]
[Termination "Jeppesen08 won by checkmate"]

1. e4 e6 2. d4 d5 3. exd5 exd5 4.
Nf3 Nf6 5. c4 Bb4+ 6. Bd2 Qe7+ 7. Be2 dxc4 8. O-O Bxd2 9. Nbxd2 O-O 10. Bxc4 Bg4 11. Qb3 c6 12. Ne5 Bh5 13. Rfe1 Qc7 14. Ne4 Nxe4 15. Rxe4 b5 16. Qh3 bxc4 17. Qxh5 Nd7 18.
Nxc4 Nf6 19. Qe5 Qd7 20. Re3 Rad8 21. Rd3 Rfe8 22. Qg3 c5 23. Ne5 Ne4 24. Nxd7 Nxg3 25. Rxg3 Rxd7 26. dxc5 Rd2 27. Rc3 Rxb2 28. c6 Rc8 29. c7 Kf8 30. g3 Ke7 31. Re1+ Kd7 32. Rd1+ Ke7 33. Re3+ Kf6 34. Rd6+ Kf5 35. Rd5+ Kf6 36.
Rc5 Rb7 37. Rc6+ Kf5 38. Rec3 Ke5 39. Kf1 Kd5 40. Ke2 Rb2+ 41. Kd3 Rxa2 42. R3c5# 1-0